 Adventure DCSS version bcrawl-1.27.3 (webtiles) character file.

Game seed: 17195710334338522459

151677 galech the Chopper (level 7, 56/56 HPs)
             Began as a Demonspawn Fighter on July 31, 2020.
             Was a Follower of Okawaru.
             Quit the game on level 6 of the Dungeon.
             The game lasted 00:06:15 (5210 turns).

galech the Chopper (Demonspawn Fighter)             Turns: 5210, Time: 00:06:16

Health: 56/56      AC:  9    Str: 16    XL:     7   Next: 7%
Magic:  7/7        EV:  6    Int: 10    God:    Okawaru [*.....]
Gold:   316        SH:  9    Dex: 15    Spells: 6/6 levels left
                                        Lives:  1   Deaths: 1

rFire    . . .     SeeInvis .   a - +0 war axe
rCold    + . .     Gourm    .   c - +0 medium shield
rNeg     . . .     Faith    .   b - +0 scale mail
rPois    .         Spirit   .   (helmet restricted)
rElec    .         Reflect  .   (no cloak)
rCorr    .         Harm     .   (no gloves)
MR       .....                  (no boots)
Stlth    ..........             (no amulet)
HPRegen  0.18/turn              p - ring of attention (curse)
MPRegen  0.10/turn              (no ring)

@: no status effects
A: antennae 2, slimy green scales 1, cold resistance 1
a: Heroism, Renounce Religion


You were on level 6 of the Dungeon.
You worshipped Okawaru.
Okawaru was aware of your devotion.
You were not hungry.

You visited 1 branch of the dungeon, and saw 6 of its levels.

You collected 316 gold pieces.

Inventory:

Hand Weapons
 a - a +0 war axe (weapon)
Armour
 b - a +0 scale mail (worn)
 c - a +0 medium shield (worn)
Jewellery
 p - a cursed ring of attention (left hand)
Wands
 n - a wand of flame (25)
Scrolls
 f - 3 scrolls of noise
 g - 2 scrolls of teleportation
 h - 2 scrolls of enchant armour
 j - 2 scrolls of remove curse {unknown}
 l - 2 scrolls of magic mapping {unknown}
 q - a scroll of immolation {unknown}
 s - a scroll of enchant weapon {unknown}
 t - a scroll of amnesia {unknown}
 u - 4 scrolls of identify
Potions
 d - a potion of might
 i - a potion of cancellation {unknown}
 k - a potion of curing
 m - 2 potions of lignification
 o - a potion of heal wounds
 r - a potion of haste
 v - a potion of mutation {unknown}
Comestibles
 e - 6 rations {!d}


   Skills:
 + Level 5.2 Fighting
 + Level 5.5 Axes
 + Level 4.5 Armour
 + Level 1.4 Dodging
 + Level 1.2 Stealth
 + Level 4.3 Shields


You had 6 spell levels left.
You didn't know any spells.
Your spell library contained the following spells:

 Spells                   Type           Power        Failure   Level  Hunger
 Magic Dart               Conj           #...         100%        1    None
 Summon Small Mammal      Summ           #...         100%        1    None
 Blink                    Tloc           N/A          100%        2    ####...
 Call Imp                 Summ           #.....       100%        2    ####...
 Call Canine Familiar     Summ           #.......     100%        3    #####..
 Conjure Flame            Conj/Fire      #.......     100%        3    #####..
 Mephitic Cloud           Conj/Pois/Air  #.......     100%        3    #####..
 Spider Form              Tmut/Pois      #..          100%        3    #####..
 Summon Ice Beast         Ice/Summ       #.......     100%        4    ######.
 Summon Lightning Spire   Summ/Air       #.......     100%        5    #######


Dungeon Overview and Level Annotations

Branches:
Dungeon (6/12)             Temple (0/1) D:5

Altars:
Elyvilon
Okawaru
Trog
Uskayaw
Vehumet
Yredelemnul

Annotations:
D:6 Eustachio, Grinder


Innate Abilities, Weirdness & Mutations

You have a pair of antennae on your head.
You are partially covered in slimy green scales. (AC +2)
Your flesh is cold resistant. (rC+)


Message History

Grinder is moderately wounded.
Your scale mail prevents you from hitting the bat.
The bat completely misses you.
Eustachio casts a spell.
Grinder hits you but does no damage.
You closely miss Grinder.
Grinder is moderately wounded.
You slash the bat!
You kill the bat!
The bat's corpse disappears in a puff of smoke!
You closely miss the crimson imp. Grinder hits you but does no damage.
The crimson imp hits you but does no damage.
Grinder hits you.
* * * LOW HITPOINT WARNING * * *
You writhe in agony.
You die...
Xom reaches out...
You are now level 7!
You rejoin the land of the living...
Are you sure you want to abandon this character and quit the game? (Confirm with "yes".)

#...## #....# ..... ##.#..
# ...#.. ..#.# .#
...#.####...# ..#
.......##..# #..#
##.........#######..#
#.......#<.##..#...###
......####......@....## #.
...........#####.##.......
###..#....## ### ..##...
..#..###...# .....)#
..#..........# .%.....
..†......##...# ##....$..
..#....#.#.....# #........
#.#...##.......# #.# ...
###........##..###5## ..##


There were no monsters in sight!

Vanquished Creatures
  A human (D:2)
  A sky beast (D:4)
  A centaur (D:5)
  3 scorpions
  3 wights (D:6)
  A centaur skeleton (D:5)
  A hound (D:4)
  A jelly (D:5)
  2 orc wizards
  An iguana (D:5)
  4 worker ants
  A hound skeleton (D:5)
  A worker ant zombie (D:5)
  A gnoll (D:2)
  6 adders
  A howler monkey skeleton (D:5)
  A shadow imp (D:6)
  2 oozes
  An adder skeleton (D:2)
  2 adder zombies (D:2)
  6 worms
  2 dart slugs (D:1)
  6 leopard geckos
  16 orcs
  A bat (D:2)
  A bat skeleton (D:2)
  A bat zombie (D:2)
  A giant cockroach (D:1)
  4 goblins
  5 hobgoblins
  5 jackals (D:1)
  6 kobolds
  2 quokkas
  A ball python (D:1)
  3 frilled lizards
  A jackal skeleton (D:2)
  9 rats (D:1)
105 creatures vanquished.

Vanquished Creatures (others)
  A quokka (D:5)
1 creature vanquished.

Grand Total: 106 creatures vanquished

Notes
Turn   | Place    | Note
-------+----------+-------------------------------------------
     0 | D:1      | galech the Demonspawn Fighter began the quest for the Orb.
     0 | D:1      | Reached XP level 1. HP: 18/18 MP: 1/1
   133 | D:1      | Gained mutation: You have a pair of small antennae on your
                  | head. [demonic ancestry]
   133 | D:1      | Reached XP level 2. HP: 21/24 MP: 2/2
   411 | D:1      | Reached XP level 3. HP: 27/29 MP: 3/3
  1090 | D:2      | Reached skill level 1 in Stealth
  1224 | D:2      | Gained mutation: You have a pair of antennae on your head.
                  | [demonic ancestry]
  1224 | D:2      | Reached XP level 4. HP: 35/35 MP: 4/4
  1335 | D:2      | Found a hide-covered altar of Uskayaw.
  1362 | D:2      | Noticed a human
  1371 | D:2      | Found a runed door.
  1427 | D:2      | Found a basalt altar of Yredelemnul.
  1442 | D:2      | Killed a human
  1442 | D:2      | Gained mutation: Your flesh is cold resistant. (rC+)
                  | [demonic ancestry]
  1442 | D:2      | Reached XP level 5. HP: 37/42 MP: 5/5
  1589 | D:2      | Found an iron altar of Okawaru.
  1616 | D:2      | Became a worshipper of Warmaster Okawaru
  2151 | D:3      | Reached XP level 6. HP: 37/48 MP: 6/6
  3125 | D:4      | Reached skill level 1 in Dodging
  3277 | D:4      | Found a radiant altar of Vehumet.
  3277 | D:4      | Found a bloodstained altar of Trog.
  3509 | D:4      | Noticed a sky beast
  3528 | D:4      | Killed a sky beast
  3528 | D:4      | Reached * piety under Okawaru
  3528 | D:4      | Reached XP level 7. HP: 28/55 MP: 7/7
  3737 | D:5      | Entered Level 5 of the Dungeon
  4504 | D:5      | Found a white marble altar of Elyvilon.
  4583 | D:5      | Found a staircase to the Ecumenical Temple.
  4607 | D:5      | Reached skill level 5 in Axes
  4817 | D:5      | Reached skill level 5 in Fighting
  5040 | D:6      | Gained mutation: You are partially covered in slimy green
                  | scales. (AC +2) [demonic ancestry]
  5040 | D:6      | Reached XP level 8. HP: 17/62 MP: 5/8
  5043 | D:6      | Reached ** piety under Okawaru
  5166 | D:6      | Noticed Grinder
  5169 | D:6      | Noticed Eustachio
  5176 | D:6      | Paralysed by Grinder for 3 turns
  5181 | D:6      | Paralysed by Grinder for 3 turns
  5188 | D:6      | HP: 2/62 [iron imp[Eustachio] (7)]
  5200 | D:6      | Paralysed by Grinder for 3 turns
  5209 | D:6      | Slain by Grinder
  5210 | D:6      | Reached XP level 7. HP: 0/56 MP: 7/7
  5210 | D:6      | Quit the game

Skill      XL: |  1  2  3  4  5  6  7 |
---------------+----------------------+-----
Axes           | 2 3 4 5 |  5.5
Armour         | 3 4 |  4.5
Stealth        | 1 |  1.2
Shields        | 3 4 |  4.3
Fighting       | 4 5 |  5.2
Dodging        | 1 |  1.4

Action                   |  1- 3 |  4- 6 |  7- 9 || total
-------------------------+-------+-------+-------++-------
Melee: War axe           |   101 |   190 |   165 ||   456
Invok: Heroism           |       |       |     3 ||     3
  Use: Scroll            |       |     3 |       ||     3
       Potion            |       |     5 |     2 ||     7
  Eat: Chunk             |     3 |    11 |    12 ||    26
       Ration            |       |     1 |       ||     1
Armor: Scale mail        |    93 |    91 |    81 ||   265
Dodge: Dodged            |    25 |    38 |    47 ||   110
Block: Medium shield     |    49 |   105 |    97 ||   251
